 Dungeon Crawl Stone Soup version 0.19-a0-36-g4a0968a (webtiles) character file.

4471 namelastname112 the Destroyer (level 10, 0/69 HPs)
             Began as a White Draconian Conjurer on May 3, 2016.
             Was a Follower of Ashenzari.
             Slain by an orc warrior
             ... wielding a +0 flail
              (16 damage)
             ... on level 9 of the Dungeon.
             The game lasted 00:15:35 (10190 turns).

namelastname112 the Destroyer (DrCj)               Turns: 10190, Time: 00:15:36

Health: 0/69       AC: 10    Str: 11    XL:     10   Next: 15%
Magic:  35/35      EV: 12    Int: 19    God:    Ashenzari [*.....]
Gold:   534        SH:  0    Dex: 11    Spells: 3 memorised, 17 levels left

rFire  . . .     SeeInvis .     I - staff of power
rCold  + + .     Gourm    .     (armour unavailable)
rNeg   . . .     Faith    .     (no shield)
rPois  .         Spirit   .     (helmet restricted)
rElec  .         Dismiss  .     J - +0 cloak
rCorr  .         Reflect  .     G - +0 pair of gloves
SustAt +         Harm     .     A - +0 pair of boots
MR     .....                    (no amulet)
Stlth  ++........               H - ring of sustain attributes
                                s - ring of protection from cold

@: not resistant to hostile enchantments, unstealthy
A: breathe frost, unfitting armour, talons 1, blink, cold resistance 1, low mp
1, cold-blooded, subdued magic 1, AC +7
a: Breathe Frost, Blink, Curse Item, Scrying, Renounce Religion


You were on level 9 of the Dungeon.
You worshipped Ashenzari.
Ashenzari was aware of your devotion.
You were not hungry.

You visited 2 branches of the dungeon, and saw 10 of its levels.

You collected 534 gold pieces.

Inventory:

Hand Weapons
 C - a +2 whip of venom
 M - the cursed +3 short sword "Kugg" {elec, +Rage rF+ rN+}
   (You found it on level 7 of the Dungeon)

   Occasionally, upon striking a foe, it will discharge some electrical energy
   and cause terrible harm.
   It protects you from fire.
   It protects you from negative energy.
   It lets you go berserk.
   It has a curse placed upon it.
Armour
 A - a +0 pair of boots (worn)
 G - a +0 pair of gloves (worn)
 J - a +0 cloak (worn)
Magical Staves
 I - an uncursed staff of power (weapon)
Jewellery
 s - a ring of protection from cold (left hand)
 H - a ring of sustain attributes (right hand)
Wands
 y - a wand of paralysis (16/24)
 B - a wand of flame (0/48)
 K - a wand of polymorph (8/24)
Scrolls
 c - a scroll of fear {unknown}
 e - 3 scrolls of magic mapping {unknown}
 f - a scroll of random uselessness {unknown}
 i - 5 scrolls of identify {unknown}
 k - 3 scrolls of enchant armour {unknown}
 m - 3 scrolls of fog {unknown}
 n - 7 scrolls of remove curse
 p - 2 scrolls of teleportation {unknown}
 r - 2 scrolls of enchant weapon {unknown}
 w - 2 scrolls of recharging {unknown}
 x - 2 scrolls of immolation {unknown}
 E - a scroll of holy word {unknown}
 F - 2 scrolls of noise {unknown}
 L - a scroll of amnesia {unknown}
 O - a scroll of blinking {unknown}
Potions
 d - 2 potions of haste
 g - a potion of invisibility
 h - a potion of mutation {unknown}
 o - 2 potions of might {unknown}
 q - 4 potions of curing
 t - 2 potions of ambrosia {unknown}
 v - 2 potions of brilliance {unknown}
 z - 2 potions of flight {unknown}
 D - 4 potions of agility
Books
 a - a book of Conjurations

   Spells                             Type                      Level
   a - Magic Dart                     Conjuration                  1
   b - Searing Ray                    Conjuration                  2
   c - Dazzling Spray                 Conjuration/Hexes            3
   d - Fulminant Prism                Conjuration/Hexes            4
   e - Iskenderun's Mystic Blast      Conjuration                  4
   f - Iskenderun's Battlesphere      Conjuration/Charms           5
 N - an Akashic Record

   Spells                             Type                      Level
   a - Dispersal                      Translocation                6
   b - Malign Gateway                 Summoning/Translocation      7
   c - Disjunction                    Translocation                8
   d - Controlled Blink               Translocation                8
Comestibles
 b - 5 bread rations
 j - 3 beef jerkies
 l - 2 royal jellies
 u - 19 fruits


   Skills:
 - Level 1.7 Dodging
 - Level 1.7 Stealth
 + Level 8.4 Spellcasting
 + Level 9.9 Conjurations
 + Level 7.1 Charms


You had 17 spell levels left.
You knew the following spells:

 Your Spells              Type           Power        Failure   Level  Hunger
a - Iskenderun's Battles  Conj/Chrm      ####....     8%          5    #####..
x - Searing Ray           Conj           #####.       1%          2    None
z - Magic Dart            Conj           ####         1%          1    None


Dungeon Overview and Level Annotations

Branches:
Dungeon (9/15)             Temple (0/1) D:7            Lair (1/8) D:8
    Orc: D:9-12

Altars:
Ashenzari
Dithmenos
Fedhas
Gozag
Makhleb
Nemelex Xobeh
Okawaru
Pakellas
Qazlal
Ru
Vehumet
Xom
Yredelemnul
Zin
The Shining One

Shops:
D:8 (

Annotations:
D:3 exclusion: orc warrior
D:7 namelastname112's ghost, novice DrCj


Innate Abilities, Weirdness & Mutations

You can breathe waves of freezing cold.
You can buffet flying creatures when you breathe cold.
Your icy white scales are hard (AC +7).
Your body does not fit into most forms of armour.
Your flesh is cold resistant.
You are cold-blooded and may be slowed by cold attacks.
You have sharp toenails.
You can translocate small distances at will.
Your magical capacity is low (-10% MP).
Your spells are a little easier to cast, but a little less powerful.


Message History

n - 7 scrolls of remove curse (gained 1)
The howler monkey howls!
The howler monkey moves out of view.
The orc wizard casts a spell.
The orc wizard seems to speed up.
A howler monkey comes into view.
The howler monkey howls!
You hit the orc warrior but do no damage.
The howler monkey moves out of view.
The orc wizard closely misses you. The orc misses you.
The orc warrior hits you with a flail!!
The orc priest hits you but does no damage.
The orc wizard hits you but does no damage.
The hippogriff bites you. The hippogriff pecks you!
The hippogriff barely misses you.
You take 36 damage, and have 30/69 hp.
MASSIVE DAMAGE!!
The orc priest invokes the aid of Beogh against you.
Beogh smites you!
* * * LOW HITPOINT WARNING * * *
The orc warrior hits you with a flail!
You die...

#.# #### #.#
..#...###.#
..........#
.....###.#
.#... #.#
#.###(#
...###...###
.......@oo.###
######.Hoo...#
##o.....#
..h......#
###......!#
#...h...#
#h##.##.# #..
.# .# ## .# #


You could see a hippogriff, an orc warrior, 3 howler monkeys, 2 orc priests, an
orc wizard and an orc.

Vanquished Creatures
  A troll (D:8)
  3 yaks (D:8)
  A hippogriff (D:8)
  An ice beast (D:8)
  4 sky beasts
  2 orc warriors
  A black bear (D:7)
  2 phantoms
  2 ogres
  4 centaurs
  The ghost of manon the Ruffian, an amateur VSMo of Ru (D:3)
  10 giant frogs
  A scorpion (D:6)
  A wyvern skeleton (D:8)
  A howler monkey (D:7)
  5 crimson imps
  8 hounds
  3 jellies
  5 orc wizards
  4 orc priests
  Jessica (D:2)
  Natasha (D:2)
  2 centaur skeletons
  4 iguanas
  6 worker ants
  A hound skeleton (D:8)
  A worker ant zombie (D:8)
  A howler monkey skeleton (D:6)
  3 gnolls (D:3)
  10 adders
  2 shadow imps
  An ooze (D:3)
  An adder skeleton (D:4)
  3 adder zombies
  5 worms
  2 dart slugs
  8 giant geckos
  29 orcs
  7 bats
  7 giant cockroaches
  8 goblins
  7 hobgoblins
  2 jackals (D:7)
  9 kobolds
  A quokka (D:2)
  A ball python (D:2)
  5 giant newts
  5 rats
193 creatures vanquished.

Notes
Turn   | Place    | Note
--------------------------------------------------------------
     0 | D:1      | namelastname112 the Draconian Conjurer began the quest for the Orb.
     0 | D:1      | Reached XP level 1. HP: 14/14 MP: 3/3
   232 | D:1      | Reached XP level 2. HP: 18/20 MP: 3/5
   462 | D:1      | Learned a level 2 spell: Searing Ray
   816 | D:2      | Noticed Jessica
   829 | D:2      | Killed Jessica
   829 | D:2      | Reached XP level 3. HP: 17/26 MP: 0/7
   961 | D:2      | Found a shadowy altar of Dithmenos.
  1047 | D:2      | Found a shattered altar of Ashenzari.
  1074 | D:2      | Became a worshipper of Ashenzari the Shackled
  1289 | D:2      | Reached XP level 4. HP: 30/33 MP: 1/8
  1692 | D:2      | Reached skill level 5 in Conjurations
  1698 | D:2      | Noticed Natasha
  1701 | D:2      | Killed Natasha
  1794 | D:2      | Found an iron altar of Okawaru.
  2141 | D:3      | Noticed manon's ghost (amateur VSMo)
  2152 | D:3      | Killed manon's ghost
  2152 | D:3      | Reached XP level 5. HP: 30/38 MP: 1/11
  2235 | D:3      | Learned a level 5 spell: Iskenderun's Battlesphere
  2272 | D:3      | Found a sparkling altar of Nemelex Xobeh.
  2557 | D:3      | Found a glowing golden altar of the Shining One.
  2622 | D:3      | Reached skill level 1 in Charms
  2622 | D:3      | Reached XP level 6. HP: 45/45 MP: 7/12
  2914 | D:3      | Noticed an orc warrior
  3224 | D:4      | Reached skill level 6 in Conjurations
  3944 | D:4      | Your scales start taking on an icy white colour.
  3944 | D:4      | Reached XP level 7. HP: 50/50 MP: 4/14
  3944 | D:4      | Gained mutation: Your flesh is cold resistant. [White Draconian growth]
  4289 | D:4      | Reached skill level 5 in Spellcasting
  4400 | D:5      | Entered Level 5 of the Dungeon
  4799 | D:5      | Noticed an air elemental
  4801 | D:5      | Found a stormy altar of Qazlal.
  4801 | D:5      | Reached * piety under Ashenzari
  4802 | D:5      | Noticed a water elemental
  4802 | D:5      | Noticed a fire elemental
  4853 | D:5      | Found an opulent altar of Gozag.
  4854 | D:5      | Found a glowing silver altar of Zin.
  4990 | D:5      | Found a sparkling altar of Nemelex Xobeh.
  5004 | D:5      | Reached skill level 7 in Conjurations
  5323 | D:5      | Found a basalt altar of Yredelemnul.
  5334 | D:5      | Reached XP level 8. HP: 57/57 MP: 9/16
  5471 | D:6      | Found a radiant altar of Vehumet.
  5472 | D:6      | Found a burning altar of Makhleb.
  5790 | D:6      | jacquesderrida: МЕН
  5828 | D:6      | namelastname112: дженкинс
  5828 | D:6      | jacquesderrida: ЧЕ ТУТ ЧЕ ТУТ
  5828 | D:6      | namelastname112: как твои делишеньки
  5986 | D:6      | jacquesderrida: Мне только что сказали "Go away bar floor philosopher"
  6019 | D:6      | jacquesderrida: ПОЭТОМУ Я ЗДЕСЬ
  6267 | D:6      | oplop: бот умер
  6270 | D:6      | oplop: привет
  6293 | D:6      | oplop: октопод кстати тоже умер
  6400 | D:6      | namelastname112: как умер?
  6558 | D:6      | oplop: ну я ж полгода не играл
  6670 | D:6      | oplop: натворил хуйни в депсах и умер
  6675 | D:6      | Reached skill level 8 in Conjurations
  6736 | D:7      | Reached skill level 5 in Charms
  6799 | D:7      | Noticed namelastname112's ghost (novice DrCj)
  7279 | D:8      | Reached XP level 9. HP: 58/62 MP: 5/19
  7282 | D:8      | Gained mutation: You can translocate small distances at will. [mutagenic meat]
  7283 | D:8      | Gained mutation: You possess an exceptional clarity of mind. [mutagenic meat]
  7284 | D:8      | Gained mutation: Your magical capacity is low (-10% MP). [mutagenic meat]
  7285 | D:8      | Lost mutation: You possess an exceptional clarity of mind. [mutagenic meat]
  7286 | D:8      | Gained mutation: Your spells are a little easier to cast, but a little less powerful. [mutagenic meat]
  7578 | D:8      | Gained mutation: You have sharp toenails. [mutagenic meat]
  7579 | D:8      | Gained mutation: You are agile. (Dex +2) [mutagenic meat]
  7580 | D:8      | Lost mutation: You are agile. (Dex +2) [mutagenic meat]
  7868 | D:8      | Found a shimmering altar of Xom.
  7990 | D:8      | Noticed a troll
  8009 | D:8      | Killed a troll
  8087 | D:8      | Found Taogh's Weapon Shop.
  8406 | D:8      | Reached skill level 9 in Conjurations
  8495 | D:8      | Found a staircase to the Lair.
  8516 | D:8      | oplop: >book of annihilations
  8726 | D:8      | oplop: >u found it on lvl 2 of dungeon
  9265 | D:7      | Got the cursed short sword "Kugg" {elec, +Rage rF+ rN+}
  9306 | D:7      | Found a staircase to the Ecumenical Temple.
  9513 | D:8      | Reached XP level 10. HP: 67/69 MP: 14/19
  9649 | D:8      | Found a blossoming altar of Fedhas.
  9724 | Lair:1   | Entered Level 1 of the Lair of Beasts
  9791 | D:9      | Found an oddly glowing altar of Pakellas.
  9832 | D:9      | Found a sacrificial altar of Ru.
  9863 | D:9      | Noticed a cyclops
  9952 | D:9      | xeno23: какой пиздец
 10073 | D:9      | xeno23: мумию конфузят тарантеллы
 10188 | D:9      | xeno23: флавор проебан вместе со здравым смыслом
 10190 | D:9      | Slain by an orc warrior

Vault maps used:
D:1:      evilmike_arrival_run_for_it
D:2:      okawaru_gym_becter, evilmike_ruin_ashenzari, grunt_dithmenos_smoke,
          minivault_11, grunt_ministairs_6, uniq_natasha, uniq_jessica
D:3:      wad_crossroads, nicolae_tso_swordbearing_angel, nrook_mini_backslash,
          nemelex_lonely_heart_becter
D:4:      first_bread
D:5:      grunt_temple_overflow_gold_and_silver, yredelemnul_altar_generic,
          nicolae_qazlal_style_of_elements, nemelex_xobeh_ov_fountains_minmay
D:6:      grunt_temple_overflow_lords_of_destruction, kennysheep_generic_room_10
D:7:      minmay_temple_entry_grid
D:8:      lemuel_round_altar, dpeg_lair_monsters, serial_shops,
          nicolae_shop_window_shopping, hangedman_tree_tricks,
          corexii_hall_statues_l
D:9:      lemuel_crystal_altar, kennysheep_little_box, minivault_28, uniq_pikel,
          uniq_maurice
Lair:1:   minivault_23, zaba_anthole, beast_lair_carwin_3,
          infiniplex_staircase_pool

Skill      XL: |  1  2  3  4  5  6  7  8  9 10 |
---------------+-------------------------------+-----
Spellcasting   | 3 4 5 6 8 |  8.4
Conjurations   | 5 6 7 8 9 |  9.9
Charms         | 1 2 3 5 6 7 |  7.1
Dodging        | |  1.7
Stealth        | |  1.7

Action                   |  1- 3 |  4- 6 |  7- 9 | 10-12 || total
-------------------------+-------+-------+-------+-------++-------
Melee: Dagger            |    42 |    19 |    74 |       ||   135
       Tailslap          |     6 |       |     6 |       ||    12
       Whip              |       |       |    22 |       ||    22
       Staff             |       |       |       |     1 ||     1
 Cast: Magic Dart        |    37 |   147 |   323 |    14 ||   521
       Searing Ray       |     2 |     5 |    32 |     8 ||    47
       Iskenderun's Batt |       |       |     3 |     2 ||     5
 Abil: Breathe Frost     |       |       |     4 |       ||     4
  Use: Potion            |       |       |     3 |       ||     3
 Stab: Sleeping          |     1 |       |       |       ||     1
  Eat: Chunk             |     1 |     9 |    28 |     3 ||    41
Armor: Skin              |    23 |    18 |    66 |     8 ||   115
Dodge: Dodged            |    36 |    38 |   149 |    13 ||   236
